 Dungeon Crawl Stone Soup version 0.24.0-2-g5b39cebb1c (webtiles) character file.

Game seed: 5888318582647455206, levelgen mode: deterministic

49 Mrkan the Chopper (level 3, 0/33 HPs)
             Began as a Minotaur Monk on Oct 30, 2019.
             Slain by a kobold
             ... wielding a +0 dagger
              (3 damage)
             ... on level 2 of the Dungeon.
             The game lasted 00:02:25 (1166 turns).

Mrkan the Chopper (Minotaur Monk)                   Turns: 1166, Time: 00:02:26

Health: 0/33       AC:  2    Str: 16    XL:     3   Next: 51%
Magic:  2/2        EV: 13    Int:  7    God:
Gold:   73         SH:  0    Dex: 12    Spells: 2/2 levels left

rFire    . . .     SeeInvis .   a - +0 hand axe
rCold    . . .     Gourm    .   (no shield)
rNeg     . . .     Faith    .   b - +0 robe
rPois    .         Spirit   .   (helmet restricted)
rElec    .         Reflect  .   (no cloak)
rCorr    .         Harm     .   (no gloves)
MR       .....                  (no boots)
Stlth    ++........             (no amulet)
HPRegen  0.11/turn              (no ring)
MPRegen  0.08/turn              (no ring)

@: no status effects
A: retaliatory headbutt, horns 2
a: no special abilities


You were on level 2 of the Dungeon.
You were not hungry.

You visited 1 branch of the dungeon, and saw 2 of its levels.

You collected 73 gold pieces.

Inventory:

Hand Weapons
 a - a +0 hand axe (weapon)
Armour
 b - a +0 robe (worn)
Jewellery
 f - an uncursed ring of stealth {unknown}
 i - a +4 ring of slaying {unknown}
Scrolls
 e - 3 scrolls of identify {unknown}
 k - a scroll of immolation {unknown}
 l - a scroll of magic mapping {unknown}
 m - 2 scrolls of fog {unknown}
Potions
 d - 4 potions of curing {unknown}
 g - 2 potions of resistance {unknown}
 h - a potion of haste {unknown}
Comestibles
 c - 3 rations
 j - 4 chunks of flesh


   Skills:
 + Level 4.1 Fighting
 * Level 4.4 Axes
 + Level 1.4 Armour
 + Level 3.6 Dodging
 - Level 1.5 Stealth


You had 2 spell levels left.
You didn't know any spells.
Your spell library was empty.

Dungeon Overview and Level Annotations

Branches:
Dungeon (2/15)

Altars:

Annotations:
D:2 Robin


Innate Abilities, Weirdness & Mutations

You reflexively headbutt those who attack you in melee.
You have a pair of horns on your head.


Message History

The hobgoblin shouts!
The jackal barks!
You hear a bark!
A jackal comes into view.
The jackal barks!
The leopard gecko hisses angrily.
The jackal barks!
The hobgoblin no longer looks unusually strong.
Robin roars a battlecry!
The hobgoblin goes into a battle-frenzy!
The jackal misses you. You furiously retaliate!
You headbutt the jackal.
You kill the jackal!
Found 15 poisoned darts.
The jackal completely misses you.
The jackal bites you but does no damage.
A kobold comes into view. It is wielding a +0 dagger.
The jackal misses you.
The jackal bites you but does no damage.
The kobold hits you with a +0 dagger.
* * * LOW HITPOINT WARNING * * *
The leopard gecko closely misses you. The kobold hits you with a +0 dagger.
You die...

..##.#.......# #.#####
.#.#.#รท#####.#...#.##
#. ##.#.#.# ### #......
...#.#.# ...#.....#####
##.#.#.# ###.#..........
...#.#.. ...............
...#.### ###............
#..#.# ...............
.....######### #@K......
.........g...###.#######
.....######.g.ghl....#
.......# #..ghh.....#
.......# #..........#
##.....##........#####
#.#'####.#.....## #.#.#
#(#.....# #.#.# #
......#


You could see a leopard gecko, 3 jackals and a kobold.

Vanquished Creatures
  A ball python (D:1)
  2 giant cockroaches
  12 goblins
  5 hobgoblins
  A jackal (D:2)
  A kobold (D:1)
  A quokka (D:2)
  4 bats
  12 frilled lizards
  8 rats
47 creatures vanquished.

Notes
Turn   | Place    | Note
-------+----------+-------------------------------------------
     0 | D:1      | Mrkan the Minotaur Monk began the quest for the Orb.
     0 | D:1      | Reached XP level 1. HP: 19/19 MP: 0/0
   282 | D:1      | Reached XP level 2. HP: 27/27 MP: 1/1
   536 | D:1      | Reached skill level 1 in Armour
  1028 | D:2      | Reached XP level 3. HP: 27/33 MP: 2/2
  1123 | D:2      | Noticed Robin
  1166 | D:2      | Slain by a kobold

Levels and vault maps discovered:
D:1:      dpeg_arrival_ratfight, layout_loops_ring, minmay_lizard_pond
D:2:      layout_basic, first_ration, uniq_robin

Skill      XL: |  1  2 |
---------------+-------+-----
Axes           | 4 |  4.4
Armour         | 1 |  1.4
Fighting       | 4 |  4.1
Dodging        | |  3.6
Stealth        | |  1.5

Action                   || total
-------------------------++-------
Melee: Hand axe          ||    85
       Headbutt          ||    12
 Stab: Sleeping          ||     7
  Eat: Chunk             ||     1
Armor: Robe              ||    18
Dodge: Dodged            ||    51
